 Dungeon Crawl Stone Soup version 0.30-a0-168-g0b976cbdc4 (webtiles) character file.

Game seed: 15568277440842981844

552 qw the Chopper (level 7, -2/44 HPs)
             Began as a Gargoyle Fighter on Sept 29, 2022.
             Slain by an unseen horror (4 damage)
             ... on level 5 of the Dungeon.
             The game lasted 00:01:29 (4360 turns).

qw the Chopper (Gargoyle Fighter)                   Turns: 4360, Time: 00:01:30

Health: -2/44      AC: 15    Str: 28    XL:     7   Next: 29%
Magic:  7/7        EV:  8    Int:  8    God:
Gold:   118        SH:  4    Dex:  9    Spells: 6/6 levels left

rFire   . . .      SeeInvis .    i - +0 war axe (vamp)
rCold   . . .      Faith    .    c - +0 buckler
rNeg    + . .      Spirit   .    h - +0 chain mail
rPois   inf        Reflect  .    j - +0 helmet
rElec   +          Harm     .    (no cloak)
rCorr   .          Rampage  .    (no gloves)
Will    .....                    (no boots)
Stlth   ..........               (no amulet)
HPRegen 0.14/turn                k - +6 ring of strength
MPRegen 0.10/turn                (no ring)

@: no status effects
A: sickness immunity, AC +4, negative energy resistance 1, electricity
resistance, torment resistance 1, petrification resistance
a: no special abilities


You were on level 5 of the Dungeon.
You visited 1 branch of the dungeon, and saw 5 of its levels.

You collected 118 gold pieces.


Innate Abilities, Weirdness & Mutations

You are immune to sickness and miasma.
Your stone body is resilient. (AC +4)
You are immune to poison.
You resist negative energy. (rN+)
You are resistant to electric shocks. (rElec)
You are resistant to unholy torment.
You are immune to petrification.


   Skills:
 - Level 4.3 Fighting
 + Level 6.2 Axes
 - Level 1.0 Throwing
 - Level 3.2 Armour
 - Level 1.3 Dodging
 - Level 3.2 Shields


You had 6 spell levels left.
You didn't know any spells.
Your spell library was empty.

Inventory:

Hand Weapons
 i - a +0 vampiric war axe (weapon)
 l - a +0 flail
Missiles
 m - 2 javelins (quivered)
Armour
 c - a +0 buckler (worn)
 h - a +0 chain mail (worn)
 j - a +0 helmet (worn)
Jewellery
 k - a +6 ring of strength (left hand)
Scrolls
 a - a scroll of identify
 g - a scroll of brand weapon
Potions
 d - 3 potions of might
 e - a potion of haste
 f - a potion of lignification {unknown}
 n - a potion of magic {unknown}
 p - a potion of heal wounds {unknown}

Dungeon Overview and Level Annotations

Branches:
Dungeon (5/15)
 Temple: D:4-7

Altars:
Wu Jian

Shops:
D:4 [

Annotations:
D:4 2 transporters


Message History

You kill the orc!
Something hits you but does no damage.
You swing at nothing.
Something hits you but does no damage. Something hits you.
You hit something. Something hits you but does no damage.
You slash something!
You feel better. Something hits you but does no damage. Something hits you.
You hit something but do no damage. Something hits you but does no damage.
Something hits you.
You swing at nothing.
Something hits you but does no damage.
You swing at nothing.
Something hits you but does no damage.
You barely miss something.
Something hits you but does no damage. x2
You slash something! Something hits you. x2
You hit something.
You feel better. Something hits you.
You closely miss something. Something hits you!
You swing at nothing.
You block something's attack.
You closely miss something. You block something's attack.
Something hits you but does no damage.
You barely miss something. Something hits you but does no damage.
You swing at nothing.
You swing at nothing.
You swing at nothing.
Something hits you but does no damage.
You barely miss something. Something hits you but does no damage.
You swing at nothing.
You swing at nothing.
Something hits you.
You swing at nothing.
Something hits you.
You die...

#..#.#.......###
#......o........
#....o.o........
#......^..?./...
#.............#
#...........#
##...#.<#
##..)#).##
#....@).#
####..### #..#
..... #.....
#.....# #.....#
#######


There were no monsters in sight!

Vanquished Creatures
  Sigmund (D:3)
  A black bear (D:4)
  A jelly (D:4)
  An orc priest (D:5)
  4 gnolls (D:4)
  8 adders
  4 dart slugs
  14 orcs
  7 endoplasms
  4 giant cockroaches
  7 goblins
  6 hobgoblins
  13 jackals
  A quokka (D:4)
  9 ball pythons
  A bat (D:2)
  2 frilled lizards
  11 kobolds
  8 rats
103 creatures vanquished.

Notes
Turn   | Place    | Note
-------+----------+-------------------------------------------
     0 | D:1      | qw the Gargoyle Fighter began the quest for the Orb.
     0 | D:1      | Reached XP level 1. HP: 14/14 MP: 1/1
     0 | D:1      | 0 ||| qw: Version: 0.2-a-12-gaebbb33
     0 | D:1      | 0 ||| qw: Game counter: 1243
     0 | D:1      | 0 ||| qw: Always use a shield: true
     0 | D:1      | 0 ||| qw: God list: Okawaru
     0 | D:1      | 0 ||| qw: Allow faded altars: false
     0 | D:1      | 0 ||| qw: Do Orc after D:15 true
     0 | D:1      | 0 ||| qw: Do second Lair branch before Depths: true
     0 | D:1      | 0 ||| qw: Lair rune preference: random
     0 | D:1      | 0 ||| qw: Plans: Normal, Zot:1-4, God:TSO, Crypt, Tomb,
                  | Pan, Slime:5, Hells, Abyss, Orb
     0 | D:1      | 0 ||| PLANNING D:1-11
     7 | D:1      | 7 ||| Stepping ~*~*~tactically~*~*~ (hiding).
    15 | D:1      | 15 ||| Stepping ~*~*~tactically~*~*~ (stealth).
    19 | D:1      | HP: 2/14 [dart slug/slug dart (3)]
    21 | D:1      | Reached skill level 2 in Axes
    73 | D:1      | 73 ||| Stepping ~*~*~tactically~*~*~ (stealth).
   319 | D:1      | Reached XP level 2. HP: 18/19 MP: 2/2
   427 | D:1      | 427 ||| Stepping ~*~*~tactically~*~*~ (stealth).
   763 | D:1      | Found a faded altar of an unknown god.
   788 | D:1      | Reached skill level 3 in Axes
   924 | D:1      | Reached XP level 3. HP: 23/23 MP: 3/3
  1223 | D:1      | 1223 ||| Stepping ~*~*~tactically~*~*~ (stealth).
  1278 | D:1      | 1278 ||| READING scroll labelled MUMPAQAERR.
  1279 | D:1      | 1279 ||| READING scroll labelled QUITUI POCW.
  1280 | D:1      | 1280 ||| READING scroll labelled OGYWAD QEBYOXO.
  1281 | D:1      | 1281 ||| READING scroll labelled VUNEMM HEPOXKO.
  1523 | D:2      | 1523 ||| Stepping ~*~*~tactically~*~*~ (stealth).
  1525 | D:2      | 1525 ||| Stepping ~*~*~tactically~*~*~ (hiding).
  1565 | D:2      | Found an ornate altar of the Wu Jian Council.
  1681 | D:2      | Reached skill level 1 in Throwing
  1858 | D:2      | Reached XP level 4. HP: 28/28 MP: 4/4
  1978 | D:2      | 1978 ||| READING scroll labelled PIDAROWNA ITIM.
  2332 | D:3      | 2332 ||| UPGRADING to +6 ring of strength.
  2333 | D:3      | 2333 ||| READING scroll labelled BYKIRI VURO.
  2336 | D:3      | 2336 ||| FLEEEEING.
  2526 | D:3      | Reached skill level 4 in Axes
  2544 | D:3      | 2544 ||| DROPPING +0 whip.
  2713 | D:3      | 2713 ||| UPGRADING to +0 helmet.
  2978 | D:3      | Noticed Sigmund
  2994 | D:3      | HP: 4/28 [Sigmund/puff of flame (10)]
  2997 | D:3      | Killed Sigmund
  2998 | D:3      | Reached skill level 5 in Axes
  2998 | D:3      | Reached XP level 5. HP: 14/32 MP: 5/5
  2998 | D:3      | Reached XP level 6. HP: 16/37 MP: 6/6
  3169 | D:3      | 3169 ||| READING scroll labelled ZELLOINIOR.
  3192 | D:4      | Found a transporter.
  3193 | D:4      | 3193 ||| Stepping randomly (stuck).
  3196 | D:4      | 3196 ||| Stepping ~*~*~tactically~*~*~ (hiding).
  3386 | D:4      | Reached skill level 1 in Dodging
  3416 | D:4      | 3416 ||| Stepping ~*~*~tactically~*~*~ (stealth).
  3422 | D:4      | Noticed a black bear
  3424 | D:4      | 3424 ||| Stepping ~*~*~tactically~*~*~ (stealth).
  3425 | D:4      | 3425 ||| Stepping ~*~*~tactically~*~*~ (stealth).
  3427 | D:4      | 3427 ||| Stepping ~*~*~tactically~*~*~ (stealth).
  3430 | D:4      | 3430 ||| Stepping ~*~*~tactically~*~*~ (stealth).
  3434 | D:4      | HP: 9/37 [black bear (6)]
  3435 | D:4      | Killed a black bear
  3436 | D:4      | Reached XP level 7. HP: 10/44 MP: 7/7
  3473 | D:4      | 3473 ||| FLEEEEING.
  3747 | D:4      | 3747 ||| Stepping ~*~*~tactically~*~*~ (stealth).
  3748 | D:4      | 3748 ||| Stepping ~*~*~tactically~*~*~ (stealth).
  3750 | D:4      | 3750 ||| Stepping ~*~*~tactically~*~*~ (stealth).
  3757 | D:4      | 3757 ||| Stepping ~*~*~tactically~*~*~ (stealth).
  3760 | D:4      | 3760 ||| Stepping ~*~*~tactically~*~*~ (stealth).
  3765 | D:4      | Reached skill level 6 in Axes
  3766 | D:4      | 3766 ||| Stepping ~*~*~tactically~*~*~ (stealth).
  3816 | D:4      | Found a transporter.
  3866 | D:4      | Found Jaqirr's Antique Armour Shop.
  3887 | D:4      | 3887 ||| SHOPLISTING cloak (139 gold, have 96).
  3887 | D:4      | 3887 ||| SHOPLISTING shiny plate armour (806 gold, have
                  | 96).
  3970 | D:4      | 3970 ||| Stepping ~*~*~tactically~*~*~ (stealth).
  4270 | D:4      | 4270 ||| UPGRADING to +0 chain mail.
  4280 | D:4      | 4280 ||| DROPPING +0 scale mail.
  4281 | D:4      | 4281 ||| READING scroll labelled MINIOREPSE.
  4282 | D:4      | 4282 ||| READING scroll labelled DIECLYE NALUE.
  4283 | D:4      | 4283 ||| READING 2 scrolls of identify.
  4283 | D:4      | 4283 ||| IDENTIFYING orange potion
  4309 | D:5      | Entered Level 5 of the Dungeon
  4310 | D:5      | 4310 ||| Stepping randomly (disturbance).
  4311 | D:5      | 4311 ||| Stepping randomly (disturbance).
  4312 | D:5      | 4312 ||| Stepping randomly (disturbance).
  4319 | D:5      | 4319 ||| Stepping ~*~*~tactically~*~*~ (stealth).
  4320 | D:5      | 4320 ||| Stepping ~*~*~tactically~*~*~ (hiding).
  4335 | D:5      | HP: 10/44 [orc/+0 falchion (4)]
  4341 | D:5      | HP: 8/44 [something (5)]
  4348 | D:5      | HP: 11/44 [something (3)]
  4350 | D:5      | HP: 1/44 [something (7)]
  4359 | D:5      | HP: 1/44 [something (1)]
  4360 | D:5      | Slain by an unseen horror

Levels and vault maps discovered:
D:1:      mrwooster_arrival_statue_3, layout_rooms,
          ebering_ecumenical_altar_sacrificial, minmay_octomino_j4
D:2:      layout_loops_ring, basic_altar
D:3:      layout_basic, serial_co_window_serial, co_window_of_opportunity_a,
          co_window_corner_a, co_window_corner_a, co_window_corner_a,
          co_window_paths_a, co_window_corner_a, co_window_paths_b,
          co_window_corner_a, co_window_corner_a, co_window_unsneaky_path_c,
          co_window_broadway_c, co_window_corner_ca, co_window_broadway_a,
          co_window_paths_c, co_window_broadway_c, co_window_paths_e,
          glass_columns_c, uniq_sigmund
D:4:      gammafunk_steamed_eel, layout_loops_ring, serial_shops, shop,
          chequers_avenue
D:5:      layout_rooms, mainiacjoe_overflow_alcove_4, serial_bayou_ford_a,
          serial_bayou_pond_c, minmay_gold_behind_fungi, uniq_crazy_yiuf_cottage

Skill      XL: |  1  2  3  4  5  6  7 |
---------------+----------------------+-----
Axes           | 2 3 5 6 |  6.2
Throwing       | 1 |  1.0
Dodging        | 1 |  1.3
Fighting       | 4 |  4.3
Armour         | |  3.2
Shields        | |  3.2

Action                   |  1- 3 |  4- 6 |  7- 9 || total
-------------------------+-------+-------+-------++-------
Melee: War axe           |   127 |    98 |    55 ||   280
Throw: Javelin           |    14 |    32 |     7 ||    53
  Use: Scroll            |     4 |     3 |     3 ||    10
Armor: Scale mail        |    65 |    51 |    13 ||   129
       Chain mail        |       |       |    36 ||    36
Dodge: Dodged            |    52 |    41 |    23 ||   116
Block: Buckler           |    28 |    17 |    14 ||    59

Table legend:
 A = Non-vault XP
 B = Vault XP
 C = Vault XP percentage of total XP
 D = Non-vault monster count
 E = Vault monster count
 F = Vault count percentage of total count
                 A         B        C        D         E       F
            +---------+---------+-------+---------+---------+-------
      Total |     543 |     246 |  31.2 |      99 |       4 |   3.9
            +---------+---------+-------+---------+---------+-------
        D:1 |      37 |       3 |   7.5 |      21 |       3 |  12.5
        D:2 |      51 |       0 |   0.0 |      24 |       0 |   0.0
        D:3 |      68 |     243 |  78.1 |      22 |       1 |   4.3
        D:4 |     334 |       0 |   0.0 |      27 |       0 |   0.0
        D:5 |      53 |       0 |   0.0 |       5 |       0 |   0.0
            +---------+---------+-------+---------+---------+-------
